 Dungeon Crawl Stone Soup version 0.28.0 (webtiles) character file.

Game seed: 5080721388283866552

89309 dolemite99 the Severer (level 15, -5/138 HPs)
             Began as a Hill Orc Fighter on Feb 9, 2022.
             Was a Priest of Lugonu.
             Slain by a sea snake (14 damage)
             ... on level 2 of the Shoals.
             The game lasted 00:57:55 (37755 turns).

dolemite99 the Severer (Hill Orc Fighter)          Turns: 37755, Time: 00:57:55

Health: -5/138     AC: 33    Str: 25    XL:     15   Next: 96%
Magic:  24/24      EV:  6    Int: 11    God:    Lugonu [***...]
Gold:   500        SH: 11    Dex: 12    Spells: 14/14 levels left

rFire   . . .      SeeInvis .   a - +3 broad axe (vamp)
rCold   + . .      Faith    .   d - +0 kite shield
rNeg    . . .      Spirit   .   F - +3 plate armour {Will+}
rPois   .          Reflect  .   E - +2 helmet {Int+3}
rElec   .          Harm     .   x - scarf {repulsion}
rCorr   .          Rampage  .   y - +2 pair of gloves
Will    ++...                   u - +2 pair of boots
Stlth   ..........              w - amulet of the acrobat
HPRegen 0.33/turn               g - +4 ring of protection {=R}
MPRegen 0.19/turn               m - ring of protection from cold

@: on berserk cooldown, slowed, repel missiles, very slow
A: no striking features
a: Renounce Religion, Depart the Abyss, Bend Space, Banish


You were on level 2 of the Shoals.
You worshipped Lugonu.
Lugonu was most pleased with you.
You visited 4 branches of the dungeon, and saw 25 of its levels.
You visited the Abyss 1 time.

You collected 2280 gold pieces.
You spent 1780 gold pieces at shops.

Inventory:

Hand Weapons
 a - a +3 vampiric broad axe (weapon)
 b - a +0 trident
Missiles
 i - 2 atropa-tipped darts
 t - 22 poisoned darts
 D - 5 throwing nets
 I - a silver boomerang
 N - 12 boomerangs
 R - 3 silver javelins (quivered)
Armour
 c - a +0 buckler
 d - a +0 kite shield (worn)
 f - a +0 kite shield of reflection
 u - a +2 pair of boots (worn)
 x - a scarf of repulsion (worn)
 y - a +2 pair of gloves (worn)
 E - a +2 helmet of intelligence (worn)
 F - a +3 plate armour of willpower (worn)
 K - a +0 cloak
Jewellery
 g - a +4 ring of protection (left hand) {=R}
 h - a ring of protection from fire
 m - a ring of protection from cold (right hand)
 r - the ring of the Hare {EV+8}
   (You found it on level 11 of the Dungeon)

   [ring of evasion]

   EV:        It affects your evasion (+8).
 v - a ring of positive energy
 w - an amulet of the acrobat (around neck)
 Y - a ring of wizardry
Wands
 e - a wand of mindburst (1)
 l - a wand of flame (6)
 p - a wand of digging (13)
 C - a wand of polymorph (2)
Scrolls
 k - a scroll of magic mapping
 o - a scroll of fear
 s - 4 scrolls of holy word
 z - a scroll of amnesia
 A - a scroll of blinking
 L - 7 scrolls of fog
 M - a scroll of vulnerability
 O - 2 scrolls of torment
 V - a scroll of immolation
 W - 8 scrolls of teleportation
 Z - 7 scrolls of identify {@r1}
Potions
 j - 2 potions of cancellation
 n - 2 potions of brilliance
 q - a potion of lignification
 B - a potion of magic
 H - a potion of resistance
 Q - 3 potions of attraction
Miscellaneous
 S - a tin of tremorstones (inert)
 U - a lightning rod (1/4)
 X - a phantom mirror (inert)


   Skills:
 - Level 14.3 Fighting
 - Level 17.8(18.5) Axes
 - Level 6.8(12.0) Polearms
 - Level 6.4(7.1) Slings
 - Level 0.3 Crossbows
 - Level 4.6(6.2) Throwing
 - Level 13.2 Armour
 - Level 11.0 Shields
 + Level 12.5 Invocations
 - Level 6.8 Evocations


You had 14 spell levels left.
You didn't know any spells.
Your spell library contained the following spells:

 Spells                   Type           Power      Damage    Failure   Level
 Animate Skeleton         Necr           0%         N/A       99%         1
 Apportation              Tloc           0%         N/A       99%         1
 Magic Dart               Conj           0%         1d3       99%         1
 Pain                     Necr           0%         1d4       99%         1
 Sting                    Tmut/Pois      0%         1d3       99%         1
 Summon Small Mammal      Summ           0%         N/A       99%         1
 Call Imp                 Summ           0%         N/A       100%        2
 Corpse Rot               Necr/Air       0%         N/A       100%        2
 Ensorcelled Hibernation  Hex/Ice        0%         N/A       100%        2
 Passwall                 Tmut/Erth      0%         N/A       100%        2
 Poisonous Vapours        Pois/Air       0%         N/A       100%        2
 Scorch                   Fire           0%         2d5       100%        2
 Sublimation of Blood     Necr           0%         N/A       100%        2
 Wereblood                Tmut           0%         N/A       100%        2
 Gell's Gravitas          Tloc           0%         N/A       100%        3
 Inner Flame              Hex/Fire       0%         N/A       100%        3
 Mephitic Cloud           Conj/Pois/Air  0%         N/A       100%        3
 Stone Arrow              Conj/Erth      0%         3d7       100%        3
 Swiftness                Air            0%         N/A       100%        3
 Teleport Other           Tloc           0%         N/A       100%        3
 Vampiric Draining        Necr           0%         2d6       100%        3
 Animate Armour           Summ/Erth      0%         N/A       100%        4
 Cause Fear               Hex            0%         N/A       100%        4
 Dispel Undead            Necr           0%         3d6       100%        4
 Flame Wave               Conj/Fire      0%         2d4       100%        4
 Fulminant Prism          Conj/Hex       0%         3d6       100%        4
 Iskenderun's Mystic Bla  Conj/Tloc      0%         2d3       100%        4
 Olgreb's Toxic Radiance  Pois           0%         N/A       100%        4
 Alistair's Intoxication  Tmut/Pois      0%         N/A       100%        5
 Lee's Rapid Deconstruct  Erth           0%         3d5*      100%        5
 Death Channel            Necr           0%         N/A       100%        6
 Dispersal                Tloc           0%         N/A       100%        6
 Summon Cactus Giant      Summ           0%         N/A       100%        6
 Summon Hydra             Summ           0%         N/A       100%        7
 Discord                  Hex            0%         N/A       100%        8
 Lehudib's Crystal Spear  Conj/Erth      0%         10d2      100%        8


Dungeon Overview and Level Annotations

Branches:
Dungeon (15/15)            Temple (0/1) D:7            Lair (6/6) D:10
 Shoals (2/4) Lair:2       Spider (0/4) Lair:3        Slime (0/5) Lair:6
    Orc (2/2) D:9             Elf (0/3) Orc:2        Vaults (0/5) D:14
 Depths (0/4) D:15

Altars:
Dithmenos
Elyvilon
Gozag
Hepliaklqana
Uskayaw
Vehumet
Xom
Yredelemnul
Beogh
Jiyva
Lugonu

Shops:
D:3 *   D:8 [   Orc:2 [??[(

Annotations:
D:14 corrupted, 1 runed translucent door
Lair:4 exclusion: oklob plant
Lair:5 exclusion: downstairs
Lair:6 corrupted
Shoals:1 corrupted
Orc:1 Jorgrun
Orc:2 corrupted, exclusion: upstairs
Abyss:1 Sonja


Message History

You hit the sea snake.
The sea snake is lightly wounded.
You feel very sick.
The sea snake bites you but does no damage.
You block the sea snake's attack.
You slash the sea snake!
You feel better.
The sea snake is lightly wounded.
You feel very sick. The sea snake bites you!
* * * LOW HITPOINT WARNING * * *
You miss the sea snake.
The sea snake is lightly wounded.
You feel very sick.
The sea snake bites you but does no damage.
You closely miss the sea snake.
The sea snake is lightly wounded.
You feel sick.
The sea snake bites you but does no damage. x2
You hit the sea snake.
You feel better.
The sea snake is moderately wounded.
You feel sick. The sea snake bites you!
* * * LOW HITPOINT WARNING * * *
You block the sea snake's attack.
You hit the sea snake.
You feel better.
The sea snake is moderately wounded.
You feel sick. You block the sea snake's attack.
You hit the sea snake.
The sea snake is moderately wounded.
You feel sick. The sea snake bites you!
* * * LOW HITPOINT WARNING * * *
You slice the sea snake!!
The sea snake is heavily wounded.
You feel sick. You block the sea snake's attack.
The sea snake completely misses you.
You closely miss the sea snake.
The sea snake is heavily wounded.
You feel sick.
You are no longer poisoned.
The sea snake bites you!
You die...

≈≈≈.......≈## ≈≈≈≈≈≈≈
≈≈.....)..)≈# ≈≈≈≈≈≈≈
≈≈≈≈.......)# ≈≈≈≈≈≈m
≈≈≈≈≈≈≈≈≈≈≈≈## ≈≈≈≈≈≈# #
≈≈≈≈≈≈≈≈)≈)≈≈##≈≈≈≈..#####
≈≈≈≈≈≈≈≈≈≈#≈≈≈#≈.P.P# #≈..
≈≈≈≈≈≈≈≈..##≈≈...≈≈≈###≈..
≈≈≈≈≈≈≈....##P≈P≈≈≈≈≈#≈≈##
≈≈≈≈≈≈≈.S@.≈##≈≈≈≈≈≈≈##≈≈#
≈≈≈≈≈≈≈.)..≈≈###≈≈≈≈###≈≈≈
≈≈≈≈≈≈≈≈≈≈≈≈#≈≈≈≈≈≈≈≈#≈≈≈
≈≈≈≈≈≈≈≈≈≈≈≈≈≈≈≈≈≈≈≈≈≈≈≈≈
≈≈≈≈≈≈≈≈≈≈≈≈≈≈≈≈≈≈≈≈≈≈≈≈≈
≈≈≈≈≈≈≈≈≈≈))≈≈≈≈≈≈≈≈≈≈≈≈≈
≈≈≈≈≈≈≈≈≈≈≈≈≈≈≈≈≈≈≈≈≈....
≈≈≈≈≈≈≈≈≈≈†≈≈≈≈≈≈≈≈≈....≈
≈≈≈≈≈≈≈≈≈≈≈≈.≈≈.....###^≈


You could see a sea snake.

Vanquished Creatures
  Donald (Shoals:2)
  A very ugly thing (D:15)
  A yaktaur captain (D:15)
  Harold (Lair:1)
  3 boulder beetles
  An ogre mage (D:15)
  A merfolk avatar (Shoals:1)
  2 hydras
  8 centaur warriors
  10 death yaks
  2 merfolk aquamancers
  5 two-headed ogres
  A titan zombie (D:15)
  Urug (Lair:6)
  Nergalle (Lair:1)
  A deep elf knight (D:14)
  2 skeletal warriors (D:15)
  A sea snake (Shoals:2)
  A wizard (D:15)
  A lindwurm (Lair:3)
  4 orc knights
  A phantasmal warrior (D:15)
  A necromancer (D:15)
  7 deep elf pyromancers
  2 deep elf zephyrmancers (D:14)
  2 cyclopes
  An orc sorcerer (Orc:2)
  8 manticores
  4 fauns
  A fire giant zombie (D:15)
  3 black mambas
  2 merfolk sirens
  A centaur zombie (D:10)
  4 water nymphs
  A rime drake (Lair:5)
  14 cane toads
  A gargoyle (D:12)
  12 komodo dragons
  A kobold demonologist (D:10)
  5 yaktaurs (D:14)
  A demonic crawler (Lair:3)
  2 efreet (D:15)
  6 merfolk
  A polar bear (Lair:1)
  7 trolls
  A hornet (Lair:6)
  10 slime creatures
  A raiju (shapeshifter) (D:12)
  4 blink frogs (Lair:1)
  A spriggan zombie (D:15)
  2 dream sheep (Shoals:2)
  4 snapping turtles
  2 wraiths
  Sigmund (D:3)
  4 water elementals
  6 wyverns
  6 humans (D:7)
  51 yaks
  A vampire (D:10)
  Eustachio (D:5)
  5 basilisks
  A vampire mosquito (D:9)
  A warg (Orc:2)
  A human zombie (D:15)
  21 water moccasins
  17 orc warriors
  2 necrophages (D:6)
  7 ogres
  15 wolves
  6 centaurs
  A boggart (D:14)
  A phantom (D:5)
  3 kobold brigands
  10 bullfrogs
  2 gnoll sergeants
  A wyvern zombie (D:7)
  9 scorpions
  A wyvern skeleton (D:5)
  9 killer bees
  3 wights (D:10)
  3 electric eels
  7 howler monkeys
  A vampire bat (Lair:1)
  A bullfrog zombie (D:7)
  A jelly (D:5)
  26 orc priests
  A bullfrog skeleton (D:7)
  2 gnoll shamans (D:9)
  8 hounds
  Crazy Yiuf (D:5)
  2 centaur skeletons
  Ijyb (D:5)
  Jessica (D:2)
  5 iguanas
  14 orc wizards
  Terence (D:2)
  A killer bee zombie (D:8)
  5 adders
  29 gnolls
  3 shadow imps
  An ufetubus (D:6)
  2 adder skeletons (D:4)
  2 worms
  2 dart slugs
  64 orcs
  10 giant cockroaches
  7 hobgoblins
  4 jackals (D:7)
  A quokka (D:1)
  12 ball pythons
  11 bats
  4 frilled lizards
  6 goblins
  18 kobolds
  3 rats
  A bush (D:5)
609 creatures vanquished.

Vanquished Creatures (collateral kills)
  A merfolk siren (Shoals:2)
1 creature vanquished.

Vanquished Creatures (others)
  Saint Roka (Orc:2)
  Rupert (D:14)
  Agnes (D:14)
  A dire elephant (Lair:6)
  A merfolk impaler (Shoals:1)
  A boulder beetle (D:14)
  2 merfolk avatars (Shoals:1)
  4 hydras
  A merfolk aquamancer (Shoals:1)
  2 death yaks (Lair:6)
  5 sea snakes (Shoals:1)
  5 harpies (Shoals:1)
  A wolf spider (Lair:6)
  6 fauns (Shoals:1)
  A cyclops (D:14)
  2 orc sorcerers (Orc:2)
  2 manticores
  A guardian serpent (Lair:6)
  6 black mambas (Lair:6)
  3 merfolk sirens (Shoals:1)
  A gargoyle (D:14)
  A torpor snail (Lair:6)
  A komodo dragon (Lair:6)
  An efreet (D:14)
  A rime drake (Lair:6)
  6 cane toads (Lair:6)
  2 hornets (Lair:6)
  A troll (D:14)
  4 merfolk
  A spriggan (shapeshifter) (D:14)
  5 yaks (Lair:6)
  3 water elementals (Shoals:1)
  A vampire (D:14)
  7 wyverns (Lair:6)
  A redback (Lair:6)
  2 vampire mosquitoes (D:14)
  2 basilisks (Lair:6)
  7 water moccasins (Lair:6)
  4 orc warriors (Orc:2)
  A killer bee (D:10)
  4 orc priests
  5 orc wizards (Orc:2)
  A gnoll (D:13)
  16 orcs (Orc:2)
  4 bushes (D:11)
  63 fungi
  144 plants
  12 starspawn tentacles
  33 tentacles (Shoals:1)
  10 withered plants (D:15)
391 creatures vanquished.

Grand Total: 1001 creatures vanquished

Notes
Turn   | Place    | Note
-------+----------+-------------------------------------------
     0 | D:1      | dolemite99 the Hill Orc Fighter began the quest for the
                  | Orb.
     0 | D:1      | Reached XP level 1. HP: 19/19 MP: 1/1
    31 | D:1      | Reached skill level 3 in Axes
   174 | D:1      | Reached XP level 2. HP: 25/26 MP: 2/2
   419 | D:1      | Reached skill level 4 in Axes
   676 | D:2      | Noticed Jessica
   687 | D:2      | Killed Jessica
   688 | D:2      | Reached skill level 5 in Axes
   688 | D:2      | Reached XP level 3. HP: 11/31 MP: 3/3
  1139 | D:2      | Reached XP level 4. HP: 36/39 MP: 4/4
  1230 | D:2      | Noticed Terence
  1236 | D:2      | Killed Terence
  1237 | D:2      | Reached skill level 6 in Axes
  1326 | D:2      | Found a faded altar of an unknown god.
  1334 | D:2      | Prayed at the altar of an unknown god.
  1334 | D:2      | Became a worshipper of Lugonu the Unformed
  1334 | D:2      | Reached * piety under Lugonu
  1334 | D:2      | Reached ** piety under Lugonu
  1633 | D:3      | Identified the +1 ring mail "Peosh" {rN++ Str-4 Int+3}
  1656 | D:3      | Found Atha Ytytz's General Store.
  1696 | D:3      | Noticed Sigmund
  1831 | D:3      | Killed Sigmund
  1832 | D:3      | Reached skill level 8 in Axes
  1832 | D:3      | Reached XP level 5. HP: 16/45 MP: 5/5
  1832 | D:3      | Reached XP level 6. HP: 18/51 MP: 6/6
  2119 | D:3      | Found a white marble altar of Elyvilon.
  2119 | D:3      | Found a radiant altar of Vehumet.
  2127 | D:3      | Found a shadowy altar of Dithmenos.
  2129 | D:3      | Found a faded altar of an unknown god.
  2131 | D:3      | Found a shimmering altar of Xom.
  2387 | D:3      | You fall into a shaft and drop 1 floor!
  2459 | D:3      | Bought a scroll of blinking for 75 gold pieces
  2781 | D:4      | Reached skill level 9 in Axes
  3091 | D:4      | Noticed a +0 spear
  3091 | D:4      | Noticed a +0 short sword
  3091 | D:4      | Noticed a +0 dagger
  3092 | D:4      | Noticed a +0 short sword
  3092 | D:4      | Noticed a +0 falchion
  3093 | D:4      | Noticed a +0 spear
  3093 | D:4      | Noticed a +0 dagger
  3093 | D:4      | Noticed a +0 falchion
  3282 | D:4      | Found a hide-covered altar of Uskayaw.
  3601 | D:5      | Entered Level 5 of the Dungeon
  4082 | D:5      | Reached XP level 7. HP: 43/57 MP: 7/7
  4088 | D:5      | Reached *** piety under Lugonu
  4189 | D:5      | Noticed Ijyb
  4193 | D:5      | Paralysed by Ijyb for 6 turns
  4203 | D:5      | Paralysed by Ijyb for 3 turns
  4207 | D:5      | Killed Ijyb
  4473 | D:5      | Reached skill level 10 in Axes
  4666 | D:5      | Reached skill level 11 in Axes
  4778 | D:5      | Noticed Eustachio
  4806 | D:5      | Killed Eustachio
  4807 | D:5      | Reached skill level 12 in Axes
  4807 | D:5      | Reached XP level 8. HP: 57/64 MP: 8/8
  5364 | D:5      | Found a runed translucent door.
  5365 | D:5      | Noticed Crazy Yiuf
  5373 | D:5      | Killed Crazy Yiuf
  5627 | D:6      | Reached skill level 13 in Axes
  6585 | D:6      | Reached XP level 9. HP: 50/70 MP: 12/12
  6591 | D:6      | Reached skill level 5 in Invocations
  7882 | D:7      | Reached skill level 14 in Axes
  8247 | D:7      | Reached skill level 5 in Fighting
  8730 | D:7      | Reached XP level 10. HP: 69/81 MP: 15/15
  8932 | D:7      | Found a staircase to the Ecumenical Temple.
  8988 | D:7      | Reached skill level 15 in Axes
  8988 | D:7      | Reached skill level 5 in Armour
 10122 | D:8      | Identified the +1 chain mail of Kikubaaqudgha's Scorn {Harm
                  | rF+ rC+ rCorr}
 10333 | D:8      | Found Exiqotto's Armour Emporium.
 10389 | D:8      | Reached **** piety under Lugonu
 10734 | D:9      | Reached skill level 16 in Axes
 11056 | D:9      | Found a staircase to the Orcish Mines.
 11379 | D:9      | Noticed a centaur warrior
 11379 | D:9      | Noticed a two-headed ogre
 11379 | D:9      | Noticed a centaur warrior
 11379 | D:9      | Noticed a deep elf pyromancer
 11379 | D:9      | Noticed a centaur warrior
 11384 | D:9      | Noticed a white ugly thing
 11391 | D:9      | Noticed a manticore
 11979 | D:9      | Banished a centaur warrior
 11980 | D:9      | Reached XP level 11. HP: 47/94 MP: 11/16
 12371 | D:9      | Killed a centaur warrior
 12384 | D:9      | Banished a centaur warrior
 12786 | D:9      | Killed a manticore
 12787 | D:9      | Reached skill level 17 in Axes
 12981 | D:9      | Banished a white ugly thing
 13005 | D:9      | Banished a deep elf pyromancer
 13297 | D:9      | HP: 4/97 [two-headed ogre (3)]
 13758 | D:10     | Entered Level 10 of the Dungeon
 14261 | D:10     | Noticed a sun demon
 14264 | D:10     | Noticed a sixfirhy
 14962 | D:10     | Reached skill level 10 in Fighting
 15396 | D:10     | Found a staircase to the Lair.
 15442 | D:10     | Found an opulent altar of Gozag.
 15671 | D:10     | Reached XP level 12. HP: 101/106 MP: 17/17
 16575 | Lair:1   | Entered Level 1 of the Lair of Beasts
 16588 | Lair:1   | Reached skill level 1 in Polearms
 17334 | Lair:1   | Reached skill level 5 in Polearms
 17897 | Lair:1   | Noticed Harold
 17922 | Lair:1   | Killed Harold
 18167 | Lair:1   | Noticed Nergalle
 18193 | Lair:1   | Killed Nergalle
 18377 | Lair:1   | Reached skill level 10 in Armour
 18509 | Lair:1   | Noticed a five-headed hydra
 18510 | Lair:1   | Banished a five-headed hydra
 19669 | Lair:2   | Reached XP level 13. HP: 118/118 MP: 18/18
 20329 | Lair:2   | Found a staircase to the Shoals.
 20782 | Lair:3   | Found a hole to the Spider Nest.
 21473 | Lair:3   | Noticed Sonja
 21474 | Lair:3   | Banished Sonja
 23013 | Lair:4   | Reached skill level 1 in Throwing
 23368 | Lair:4   | You fall into a shaft and drop 1 floor!
 23742 | Lair:5   | Reached XP level 14. HP: 118/132 MP: 21/21
 24367 | Lair:6   | Entered Level 6 of the Lair of Beasts
 24437 | Lair:6   | Reached skill level 1 in Slings
 24940 | Lair:6   | Corrupted Lair:6
 24940 | Lair:6   | Noticed a starcursed mass
 24940 | Lair:6   | Noticed a starcursed mass
 24949 | Lair:6   | Noticed a deep elf elementalist
 24951 | Lair:6   | Noticed a tentacled starspawn
 24951 | Lair:6   | Noticed a bone dragon
 24951 | Lair:6   | Noticed an ancient lich
 24964 | Lair:6   | Noticed a reaper
 24969 | Lair:6   | Noticed a starcursed mass
 25002 | Lair:6   | Killed a dire elephant
 25258 | Lair:6   | Found a staircase to the Slime Pits.
 25259 | Lair:6   | Found a viscous altar of Jiyva.
 25719 | Lair:6   | Noticed Urug
 25749 | Lair:6   | Killed Urug
 25964 | Lair:6   | Reached skill level 5 in Slings
 26447 | D:11     | Found a basalt altar of Yredelemnul.
 26895 | D:11     | Found the ring of the Hare {EV+8}
 26929 | D:11     | Reached skill level 1 in Evocations
 27437 | Orc:1    | Entered Level 1 of the Orcish Mines
 27484 | Orc:1    | Noticed Snorg
 27621 | D:9      | Banished Snorg
 27876 | Orc:2    | Entered Level 2 of the Orcish Mines
 28019 | Orc:2    | Found a roughly hewn altar of Beogh.
 28108 | Orc:2    | Found a roughly hewn altar of Beogh.
 28190 | Orc:1    | Noticed Jorgrun
 28530 | Orc:2    | Found Acedatall's Magic Scroll Shop.
 28577 | Orc:2    | Reached ***** piety under Lugonu
 28687 | Orc:2    | Found a roughly hewn altar of Beogh.
 28752 | Orc:2    | Found a roughly hewn altar of Beogh.
 29062 | Orc:2    | Found a roughly hewn altar of Beogh.
 29080 | Orc:2    | Found a staircase to the Elven Halls.
 29239 | Orc:2    | Found a roughly hewn altar of Beogh.
 29248 | Orc:2    | Found Zalupoeb's Antique Armour Emporium.
 29262 | Orc:2    | Reached skill level 5 in Evocations
 29346 | Orc:2    | Found a roughly hewn altar of Beogh.
 29347 | Orc:2    | Found Iruv's Magic Scroll Emporium.
 29510 | Orc:2    | Corrupted Orc:2
 29510 | Orc:2    | Noticed a white draconian
 29510 | Orc:2    | Noticed a starcursed mass
 29524 | Orc:2    | Killed Saint Roka
 29575 | Orc:2    | Noticed a bone dragon
 29703 | Orc:2    | Found Ryoddet's Antique Armour Shop.
 29704 | Orc:2    | Found a roughly hewn altar of Beogh.
 29707 | Orc:2    | Found Memyekk's Antique Weapon Boutique.
 29901 | Orc:2    | Bought a scroll of blinking for 112 gold pieces
 29901 | Orc:2    | Bought a scroll of enchant armour for 112 gold pieces
 29901 | Orc:2    | Bought 3 scrolls of identify for 90 gold pieces
 29901 | Orc:2    | Bought a scroll of teleportation for 45 gold pieces
 29901 | Orc:2    | Bought a scroll of fear for 52 gold pieces
 29901 | Orc:2    | Bought a scroll of teleportation for 45 gold pieces
 29901 | Orc:2    | Bought a scroll of identify for 30 gold pieces
 29901 | Orc:2    | Bought a scroll of fog for 30 gold pieces
 29901 | Orc:2    | Bought a scroll of vulnerability for 112 gold pieces
 29954 | Orc:2    | Bought a scroll of holy word for 120 gold pieces
 29954 | Orc:2    | Bought a scroll of blinking for 120 gold pieces
 29954 | Orc:2    | Bought a scroll of torment for 120 gold pieces
 29954 | Orc:2    | Bought a scroll of teleportation for 48 gold pieces
 30073 | Orc:2    | Bought a transparent chain mail for 285 gold pieces
 30073 | Orc:2    | Identified the +1 chain mail of Asubel {rN+} (You bought it
                  | in a shop on level 2 of the Orcish Mines)
 30141 | Orc:2    | Bought a scorched flail for 204 gold pieces
 30141 | Orc:2    | Identified the +3 flail of Duvec {protect, rC- rN+ Str+6}
                  | (You bought it in a shop on level 2 of the Orcish Mines)
 30149 | Orc:2    | Bought a runed helmet for 180 gold pieces
 31897 | D:13     | Reached XP level 15. HP: 138/138 MP: 22/22
 32338 | D:14     | Noticed Rupert
 32346 | D:14     | Corrupted D:14
 32346 | D:14     | Noticed a tentacled starspawn
 32346 | D:14     | Noticed a tentacled monstrosity
 32348 | D:14     | Noticed a tentacled starspawn
 32350 | D:14     | Killed Rupert
 32360 | D:14     | Killed Agnes
 32430 | D:15     | Entered Level 15 of the Dungeon
 32435 | D:15     | Reached skill level 5 in Shields
 32654 | D:14     | Found a runed translucent door.
 32811 | D:14     | Found a hazy altar of Hepliaklqana.
 32937 | D:14     | Found a gate to the Vaults.
 33461 | D:15     | Found a staircase to the Depths.
 34124 | D:15     | Found a runed translucent door.
 34834 | D:15     | Reached skill level 10 in Shields
 35063 | Shoals:1 | Entered Level 1 of the Shoals
 36011 | Shoals:1 | Reached skill level 10 in Invocations
 36395 | Shoals:1 | Noticed a kraken
 36425 | Shoals:1 | Corrupted Shoals:1
 36425 | Shoals:1 | Noticed an Executioner
 36452 | Shoals:1 | Escaped the Abyss
 37713 | Shoals:2 | Noticed Donald
 37728 | Shoals:2 | Killed Donald
 37755 | Shoals:2 | Slain by a sea snake

Illustrated notes

Levels and vault maps discovered:
D:1:      eino_arrival_water_star, layout_rooms, lemuel_old_faithful
D:2:      layout_rooms, ebering_ecumenical_altar_abandoned,
          serial_bayou_crossing, uniq_terence, uniq_jessica
D:3:      cheibrodos_old_hovel, layout_rooms,
          chequers_temple_overflow_minitemple, serial_shops, shop_statue,
          kennysheep_boxes, uniq_sigmund
D:4:      layout_basic, nicolae_uskayaw_en_pointe
D:5:      layout_basic, kennysheep_generic_room_11, uniq_crazy_yiuf_cottage,
          uniq_eustachio, uniq_ijyb
D:6:      layout_rooms, chequers_big_river
D:7:      erik_cavepeople, layout_rooms, nicolae_overflow_hidden_temple,
          minmay_temple_entry_fiery, grunt_decor_clamped, minmay_crossroads
D:8:      layout_rooms, serial_shops, nicolae_shop_advertising_works
          [nicolae_subvault_shop_adworks]
D:9:      layout_gridville, erik_orc_3, minivault_28
D:10:     cheibrodos_helix_gallery, layout_basic, grunt_gozag_statues,
          erik_lair_island, enter_bailey_2
D:11:     layout_cave_pods, serial_park, serial_park_square2, serial_park_gazebo
          [serial_park_minivault_5x5_4], serial_park_square3
          [serial_park_minivault_5x5_7]
D:12:     layout_stronghold
D:13:     layout_cave_pools
D:14:     layout_rooms, hangedman_vaults_entry_quadrant_bands,
          nicolae_hepliaklqana_hippocampus, lightli_airlock, uniq_agnes,
          uniq_rupert
D:15:     gammafunk_depths_entry_grave, layout_loops_ring,
          minmay_misc_feat_plants, wad_hexagon
Lair:1:   layout_layer_cave, serial_forest, infiniplex_forest_clump_tiny,
          infiniplex_forest_zigzag_1, infiniplex_forest_clump_curved,
          infiniplex_forest_straight_2, infiniplex_forest_pool,
          infiniplex_forest_clump_small, roderic_batcave, uniq_harold,
          uniq_nergalle
Lair:2:   layout_concentric_octagons, minmay_shoals_entry_hut, lemuel_fruit_tree
Lair:3:   layout_hall_layers, nicolae_spider_entry_non_spiders, uniq_sonja
Lair:4:   layout_regular_city, minmay_lair_oklob_bushes, lemuel_fruit_fields
Lair:5:   layout_hall_layers, serial_bayou_lake_a
Lair:6:   hangedman_lair_tendril_chambers, layout_layer_cave, slime_altar_1,
          grunt_forest_small_clearing_treed, uniq_urug
Shoals:1: layout_shoals
Shoals:2: layout_shoals, nicolae_shoals_secluded_bog, uniq_donald
Orc:1:    layout_caves, uniq_jorgrun, uniq_snorg
Orc:2:    grunt_orc_community_town_hall, layout_diamond_mine,
          grunt_orc_community_big_house_1, grunt_orc_community_big_house_2,
          grunt_orc_community_house_3, grunt_orc_community_house_3,
          grunt_orc_community_house_2, grunt_orc_community_house_3,
          grunt_orc_community_house_2, grunt_orc_community_house_1,
          serial_shops, shop, hellmonk_bongcloud_opening

Skill      XL: |  1  2  3  4  5  6  7  8  9 10 11 12 13 14 15 |
---------------+----------------------------------------------+-----
Axes           | 3 5 8 9 12 13 14 16 17 | 17.8
Invocations    | 4 7 9 12 | 12.5
Fighting       | 5 8 10 12 14 | 14.3
Armour         | 4 7 9 11 13 | 13.2
Shields        | 4 11 | 11.0
Polearms       | 6 |  6.8
Throwing       | 3 4 |  4.6
Slings         | 6 |  6.4
Evocations     | 6 |  6.8
Crossbows      | |  0.3

Action                   |  1- 3 |  4- 6 |  7- 9 | 10-12 | 13-15 || total
-------------------------+-------+-------+-------+-------+-------++-------
Melee: War axe           |    44 |       |   120 |    56 |       ||   220
       Dagger            |    12 |   110 |   216 |    82 |       ||   420
       Broad axe         |       |     1 |       |   576 |  1274 ||  1851
 Fire: Hand crossbow     |       |    19 |    40 |       |     7 ||    66
Throw: Stone             |    22 |    17 |     2 |    49 |    11 ||   101
       Dart              |       |       |     2 |       |   185 ||   187
       Boomerang         |       |       |       |       |    68 ||    68
       Javelin           |       |       |       |       |    10 ||    10
Invok: Banish            |       |       |     3 |    16 |    10 ||    29
       Corrupt           |       |       |       |       |     4 ||     4
       Bend Space        |       |       |       |       |     1 ||     1
       Depart the Abyss  |       |       |       |       |     1 ||     1
       Enter the Abyss   |       |       |       |       |     1 ||     1
Evoke: Wand              |       |    16 |    12 |     2 |    18 ||    48
       Lightning rod     |       |       |       |       |    14 ||    14
       Phantom mirror    |       |       |       |       |     3 ||     3
       Tin of tremorston |       |       |       |       |     5 ||     5
  Use: Potion            |     1 |     1 |     3 |     3 |    13 ||    21
       Scroll            |       |     4 |     6 |    10 |    22 ||    42
Armor: Scale mail        |    45 |    66 |    78 |       |       ||   189
       Chain mail        |       |       |    89 |    56 |       ||   145
       Plate armour      |       |       |       |   392 |   770 ||  1162
Dodge: Dodged            |    36 |    64 |   112 |   183 |   550 ||   945
       Repelled          |       |       |       |       |    12 ||    12
Block: Buckler           |    25 |    26 |    63 |   133 |   132 ||   379
       Kite shield       |       |       |       |       |   233 ||   233
